 Dungeon Crawl Stone Soup version 0.19-b1-5-gdc9fa9d (webtiles) character file.

938 lorenzova the Covert (level 7, 0/32 HPs)
             Began as a Spriggan Enchanter on Oct 31, 2016.
             Slain by a leopard gecko (2 damage)
             ... on level 5 of the Dungeon.
             The game lasted 00:08:16 (4285 turns).

lorenzova the Covert (Spriggan Enchanter)           Turns: 4285, Time: 00:08:17

Health: 0/32       AC:  3    Str:  5    XL:     7   Next: 87%
Magic:  3/36       EV: 18    Int: 16    God:
Gold:   245        SH:  0    Dex: 18    Spells: 3 memorised, 13 levels left

rFire  . . .     SeeInvis +     a - +1 dagger
rCold  . . .     Gourm    .     b - +1 robe
rNeg   . . .     Faith    .     (shield restricted)
rPois  .         Spirit   .     (helmet restricted)
rElec  .         Reflect  .     (no cloak)
rCorr  .         Harm     .     (gloves unavailable)
MR     +....                    (boots unavailable)
Stlth  ++++......               (no amulet)
                                q - ring of magical power
                                e - ring of magical power

@: very quick
A: unfitting armour, see invisible, herbivore 3, speed 3, slow metabolism 2
a: no special abilities


You were on level 5 of the Dungeon.
You were not hungry.

You visited 1 branch of the dungeon, and saw 5 of its levels.

You collected 245 gold pieces.

Inventory:

Hand Weapons
 a - a +1 dagger (weapon)
Armour
 b - a +1 robe (worn)
 l - a +0 robe of positive energy
Jewellery
 e - a ring of magical power (left hand)
 q - a ring of magical power (right hand)
Scrolls
 f - 2 scrolls of noise {unknown}
 g - 7 scrolls of remove curse {unknown}
 h - 5 scrolls of identify {unknown}
 i - a scroll of enchant armour {unknown}
 o - a scroll of blinking {unknown}
 p - 4 scrolls of enchant weapon {unknown}
 s - 2 scrolls of magic mapping {unknown}
 t - 2 scrolls of amnesia {unknown}
 y - a scroll of fear {unknown}
Potions
 j - a potion of agility {unknown}
 k - 3 potions of ambrosia {unknown}
 m - a potion of resistance {unknown}
 n - a potion of brilliance {unknown}
 r - a potion of cure mutation {unknown}
 u - a potion of mutation {unknown}
 z - a potion of curing {unknown}
Books
 c - a book of Maledictions

   Spells                             Type                      Level
   a - Corona                         Hexes                        1
   b - Ensorcelled Hibernation        Hexes/Ice                    2
   c - Confuse                        Hexes                        3
   d - Tukima's Dance                 Hexes                        3
   e - Dazzling Spray                 Conjuration/Hexes            3
 v - a book of Callings

   Spells                             Type                      Level
   a - Summon Small Mammal            Summoning                    1
   b - Call Imp                       Summoning                    2
   c - Call Canine Familiar           Summoning                    3
   d - Summon Guardian Golem          Hexes/Summoning              3
   e - Summon Lightning Spire         Summoning/Air                4
   f - Summon Ice Beast               Ice/Summoning                4
 x - a book of Cantrips

   Spells                             Type                      Level
   a - Confusing Touch                Hexes                        1
   b - Animate Skeleton               Necromancy                   1
   c - Summon Small Mammal            Summoning                    1
   d - Apportation                    Translocation                1
Comestibles
 d - 5 bread rations
 w - a royal jelly


   Skills:
 - Level 1.1 Short Blades
 - Level 3.0 Dodging
 + Level 9.3 Stealth
 + Level 6.7 Spellcasting
 + Level 7.2 Hexes


You had 13 spell levels left.
You knew the following spells:

 Your Spells              Type           Power        Failure   Level  Hunger
a - Corona                Hex            ####...      1%          1    None
b - Ensorcelled Hibernat  Hex/Ice        ###...       6%          2    None
c - Confuse               Hex            ####....     1%          3    ##.....


Dungeon Overview and Level Annotations

Branches:
Dungeon (5/15)             Temple (0/1) D:4

Altars:
Vehumet


Innate Abilities, Weirdness & Mutations

You are very small and have problems with some larger weapons.
You are too small for most types of armour.
You have supernaturally acute eyesight. (SInv)
You are a herbivore.
You cover ground extremely quickly.
You need consume almost no food.


Message History

Aiming: Confuse
Press: ? - help, Shift-Dir - straight line, f/p - crimson imp
Aim: a crimson imp (chance to defeat MR: 39%)
The crimson imp appears confused.
The leopard gecko misses you.
You hit the leopard gecko but do no damage.
The leopard gecko bites you.
* * * LOW HITPOINT WARNING * * *
You barely miss the leopard gecko. The leopard gecko misses you.
You hit the leopard gecko.
The leopard gecko is heavily wounded.
The leopard gecko bites you but does no damage.
You closely miss the leopard gecko.
The leopard gecko is heavily wounded.
The leopard gecko bites you.
* * * LOW HITPOINT WARNING * * *
The leopard gecko closely misses you.
You barely miss the leopard gecko.
The leopard gecko is heavily wounded.
The leopard gecko bites you.
You die...

...†.).....#......#
##########.#Y#######
##(........#Y#.....#
.#.######.##Y#[###.#
##.# #.##.#.#<#.#
...######.##Y#.#.#.#
###.......##.#.#.#.#
###.########.#Y#l#.#
....#.# #<##...#@#.#
......###.######.#.#
#####.....# #..5#.#
####### #.###.#
#.#...# ###§#.###
#.†.#.# #.###.# #.#
#.#


You could see a crimson imp (confused) and a leopard gecko.

Vanquished Creatures
  The ghost of odei the Skirmisher, an amateur DsAK of Lugonu (D:5)
  An ogre (D:5)
  Blork the orc (D:5)
  A bullfrog (D:4)
  A scorpion (D:4)
  2 howler monkeys
  A bullfrog zombie (D:5)
  A centaur skeleton (D:4)
  A hound (D:5)
  A bullfrog skeleton (D:4)
  An orc wizard (D:4)
  Natasha (thrice) (D:2)
  2 worker ants
  9 adders
  4 adder zombies
  A worm (D:2)
  2 dart slugs
  A leopard gecko (D:4)
  13 orcs
  A ball python (D:2)
  6 bats
  5 giant cockroaches
  5 goblins
  5 hobgoblins
  6 jackals (D:2)
  A quokka (D:2)
  7 frilled lizards
  9 kobolds
  5 rats
97 creatures vanquished.

Notes
Turn   | Place    | Note
-------+----------+-------------------------------------------
     0 | D:1      | lorenzova the Spriggan Enchanter began the quest for the Orb.
     0 | D:1      | Reached XP level 1. HP: 9/9 MP: 5/5
    81 | D:1      | Reached XP level 2. HP: 8/13 MP: 7/7
    85 | D:1      | Learned a level 2 spell: Ensorcelled Hibernation
   215 | D:1      | Reached skill level 5 in Stealth
  1029 | D:2      | Reached XP level 3. HP: 13/16 MP: 8/8
  1034 | D:2      | Learned a level 3 spell: Confuse
  1240 | D:2      | Noticed Natasha
  1248 | D:2      | Killed Natasha
  1248 | D:2      | Reached skill level 6 in Stealth
  1248 | D:2      | Reached XP level 4. HP: 21/21 MP: 10/10
  1320 | D:2      | Noticed Natasha
  1331 | D:2      | Killed Natasha
  1652 | D:2      | Noticed Natasha
  1664 | D:2      | Killed Natasha
  1664 | D:2      | Reached XP level 5. HP: 24/24 MP: 12/12
  1962 | D:3      | Reached skill level 5 in Hexes
  2807 | D:4      | Reached skill level 7 in Stealth
  3009 | D:4      | Reached XP level 6. HP: 28/28 MP: 14/14
  3085 | D:4      | Reached skill level 5 in Spellcasting
  3600 | D:4      | Found a staircase to the Ecumenical Temple.
  3636 | D:4      | Reached skill level 8 in Stealth
  3754 | D:5      | Entered Level 5 of the Dungeon
  3779 | D:5      | Reached XP level 7. HP: 31/32 MP: 16/16
  3836 | D:5      | Noticed Blork the orc
  3843 | D:5      | Killed Blork the orc
  3990 | D:5      | Noticed odei's ghost (amateur DsAK)
  4010 | D:5      | Killed odei's ghost
  4016 | D:5      | Found a radiant altar of Vehumet.
  4025 | D:5      | Reached skill level 9 in Stealth
  4180 | D:5      | Noticed a yak
  4180 | D:5      | Noticed a yak
  4180 | D:5      | Noticed a yak
  4180 | D:5      | Noticed a yak
  4180 | D:5      | Noticed a yak
  4183 | D:5      | Noticed a yak
  4285 | D:5      | Slain by a leopard gecko

Skill      XL: |  1  2  3  4  5  6  7 |
---------------+----------------------+-----
Spellcasting   | 3 4 5 6 |  6.7
Stealth        | 5 6 7 8 9 |  9.3
Hexes          | 4 5 6 7 |  7.2
Short Blades   | |  1.1
Dodging        | |  3.0

Action                   |  1- 3 |  4- 6 |  7- 9 || total
-------------------------+-------+-------+-------++-------
Melee: Dagger            |   107 |   124 |    81 ||   312
 Cast: Ensorcelled Hiber |    13 |    38 |    11 ||    62
       Confuse           |     1 |     5 |    20 ||    26
 Stab: Sleeping          |    15 |    36 |     7 ||    58
       Confused          |     1 |     5 |     8 ||    14
  Eat: Bread ration      |       |     1 |       ||     1
Armor: Robe              |    11 |     5 |     3 ||    19
Dodge: Dodged            |    78 |    76 |    61 ||   215
